Cogmind - Beta 16 @@@ ROGUE MODE // 2025.12.20 @ 22:39:46 Player: Triffids Result: Self-destructed Performance ------------- Evolutions (1) 500 Regions Visited (2) 400 Robots Destroyed (24) 120 Value Destroyed (499) 499 Prototype IDs (0) 0 Alien Tech Used (0) 0 Bonus (0) 0 TOTAL SCORE: 1519 Bonus ------- None Cogmind --------- Core Integrity 296/400 Matter 300/300 Energy 250/250 System Corruption 0% Temperature Cool (0) Movement Walking (120) Location -9/Materials Parts ------- > --- POWER (1) -------- Ion Engine > --- PROPULSION (4) --- Aluminum Leg Aluminum Leg Aluminum Leg Aluminum Leg > --- UTILITY (2) ------ Medium Storage Unit Seismic Detector > --- WEAPON (2) ------- Shotgun Shotgun > --- INVENTORY (10) --- Light Ion Engine Aluminum Leg High-capacity Matter Pod (181) Sensor Array Signal Interpreter Improved Targeting Computer Light Armor Plating Particle Gun Grenade Launcher Mining Laser Peak State ------------ > --- POWER ------------ Light Ion Engine > --- PROPULSION ------- Aluminum Leg Aluminum Leg Aluminum Leg Aluminum Leg > --- UTILITY ---------- Medium Storage Unit Seismic Detector > --- WEAPON ----------- Shotgun Shotgun > --- INVENTORY -------- Light Ion Engine Aluminum Leg High-capacity Matter Pod Visual Processing Unit Improved Terrain Scanner Improved Targeting Computer Grenade Launcher Mining Laser [Rating: 12] Favorites ----------- Power Light Ion Engine Engine Light Ion Engine Propulsion Aluminum Leg Leg Aluminum Leg Utility Seismic Detector Device Seismic Detector Storage Medium Storage Unit Weapon Shotgun Energy Gun EM Pulse Gun Ballistic Gun Shotgun Launcher Grenade Launcher Special Weapon Mining Laser Build | -11 -10 -9 ------- Run | Yrd Mat Mat Slots Evolved 2 | . . 2 Power . | . . . Propulsion 2 | . . 2 Utility . | . . . Weapon . | . . . Parts Attached 17 | 7 3 7 Power 2 | 1 . 1 Engine 2 | 1 . 1 Core . | . . . Reactor . | . . . Propulsion 5 | 2 . 3 Treads . | . . . Leg 5 | 2 . 3 Wheel . | . . . Hover . | . . . Flight . | . . . Utility 3 | 2 1 . Device 1 | 1 . . Storage 2 | 1 1 . Processor . | . . . Hackware . | . . . Protection . | . . . Artifact . | . . . Weapon 7 | 2 2 3 Energy Gun 2 | 2 . . Energy Cannon . | . . . Ballistic Gun 3 | . 1 2 Ballistic Cannon . | . . . Launcher 1 | . . 1 Special Weapon 1 | . 1 . Impact Weapon . | . . . Slashing Weapon . | . . . Piercing Weapon . | . . . Special Melee Weapon . | . . . Unidentified Prototypes . | . . . Parts Lost 2 | . . 2 Power . | . . . Propulsion . | . . . Utility . | . . . Weapon 2 | . . 2 Highest Loss Streak 2 | . . 2 To Critical Strikes . | . . . Average Backups 8 | 3 8 9 Power 1 | 1 1 1 Propulsion . | . . 1 Utility 3 | . 3 4 Weapon 3 | 1 3 3 Tool/Special . | . . . Unused Backups 13 | . 2 11 Power 1 | . . 1 Propulsion 1 | . . 1 Utility 7 | . . 7 Weapon 4 | . 2 2 Tool/Special . | . . . Average Slot Usage (%) 95 | . 100 89 Engine 12 | . 14 11 Leg 30 | . 28 34 Device 12 | . 14 11 Storage 12 | . 14 11 Energy Gun 12 | . 18 4 Ballistic Gun 12 | . 8 16 Peak Build Rating 12 | 7 9 12 Average Rating 8 | 4 8 10 On Entrance 5 | . 7 9 Avg Prop Armor Cover (%) . | . . . Naked Turns . | . . . Heaviest Build 22 | 12 19 22 Greatest Support 40 | 20 20 40 Greatest Overweight (x) 1 | 1 . . Average Overweight (x) . | . . . Largest Inventory Capacity 10 | 8 10 10 Average Capacity 9 | 7 9 10 Most Carried 10 | 5 10 10 Average Carried 8 | 3 8 9 Final Capacity 10 | 8 10 10 Final Carried 10 | 4 10 10 Class Distribution -------------------- 82% | Mutant 17% | Scavenger-Mutant Dominant Class ---------------- Mutant | -10/Materials Mutant | -9/Materials Resources | -11 -10 -9 ----------- Run | Yrd Mat Mat Matter Collected 795 | 270 132 393 Remotely . | . . . Salvage Created 675 | 187 147 341 Parts 54 | 15 14 25 Haulers Intercepted . | . . . Recyclers Shooed 2 | . . 2 Parts Field Recycled . | . . . Retrieved Matter . | . . . Parts Self-Destructed . | . . . Prevented . | . . . Parts Restored . | . . . Kills | -11 -10 -9 ------- Run | Yrd Mat Mat Combat Hostiles Destroyed 12 | . 2 10 Guns 9 | . 2 7 AOE 3 | . . 3 Classes Destroyed 9 | 2 4 3 Worker 1 | . 1 . Builder 2 | . 1 1 Tunneler 4 | 4 . . Recycler 1 | 1 . . Operator 1 | . . 1 Watcher 3 | . 1 2 Swarmer 3 | . . 3 Grunt 8 | . 2 6 Sentry 1 | . . 1 Best Kill Streak 3 | 2 2 3 Combat Bots Only 3 | . 2 3 Max Kills in Single Turn 3 | 1 1 3 Gunslinging . | . . . Exploded 3 | . . 3 Melee . | . . . Uniques/NPCs Destroyed . | . . . Combat | -11 -10 -9 -------- Run | Yrd Mat Mat Hostile Shots Fired 63 | . 17 46 Missed 14 | . 3 11 Hits 49 | . 14 35 Projectile 49 | . 14 35 Critical Strikes 1 | . 1 . Damage Taken 571 | . 186 385 Core 104 | . . 104 Absorbed by Shields . | . . . Core Remaining (%) 100 | 100 100 . Volleys Fired 56 | 9 17 30 Largest 2 | 2 2 2 Hottest 100 | 80 100 100 Shots Fired 101 | 18 32 51 Gun 97 | 18 31 48 Cannon . | . . . Launcher 1 | . . 1 Special 3 | . 1 2 Kinetic 51 | . 12 39 Thermal 15 | 9 4 2 Explosive 1 | . . 1 Electromagnetic 34 | 9 16 9 Robot Hit Streak 7 | 4 7 6 Robot Miss Streak 5 | 2 5 5 Penetration Max . | . . . Secondary Targets . | . . . Shots Hit Robots 68 | 10 20 38 Core Hits 35 | 5 8 22 Critical Kills . | . . . Critical Parts Destroyed 2 | . . 2 Critical Strikes 2 | . . 2 Destroy 2 | . . 2 Melee Attacks . | . . . Impact . | . . . Slashing . | . . . Piercing . | . . . Sneak Attacks . | . . . Combat Hostiles . | . . . Follow-up Attacks . | . . . Damage Inflicted 1209 | 139 332 738 Guns 979 | 139 299 541 Cannons . | . . . Explosions 230 | . 33 197 Melee . | . . . Ramming . | . . . Kinetic 587 | . 125 462 Thermal 144 | 54 44 46 Explosive 151 | . . 151 Electromagnetic 327 | 85 163 79 Impact . | . . . Slashing . | . . . Piercing . | . . . Highest Corruption . | . . . Average Corruption . | . . . Corruption Purged . | . . . Corruption Blocked . | . . . Overload Shots . | . . . Overflow Damage 29 | . 3 26 Projectiles . | . . . Explosions 29 | . 3 26 Melee . | . . . Knockbacks . | . . . Impact . | . . . Kinetic . | . . . Secondary . | . . . Self-Inflicted Damage . | . . . Shots . | . . . Rammed . | . . . Targets Rammed . | . . . Kicked . | . . . Crushed . | . . . Highest Temperature 150 | 72 150 20 Average Temperature 35 | 28 52 7 Received Heat Transfer 318 | . 123 195 Siege Activations . | . . . Martial Activations . | . . . Shielding Activations . | . . . Robots Disrupted . | . . . Combat Hostiles . | . . . Robots Corrupted . | . . . Combat Hostiles . | . . . Parts Fried . | . . . Impact Corruptions . | . . . Robots Melted . | . . . Combat Hostiles . | . . . Parts Melted . | . . . Heat Transferred 250 | 125 75 50 Parts Sabotaged . | . . . Parts Stolen . | . . . Parts Stripped . | . . . Power Chain Reactions 2 | . 1 1 Alert | -11 -10 -9 ------- Run | Yrd Mat Mat Maximum Alert Level . | . . . Low Security (%) 100 | 100 100 100 Level 1 . | . . . Level 2 . | . . . Level 3 . | . . . Level 4 . | . . . Level 5 . | . . . High Security . | . . . Max Security . | . . . Peak Influence 127 | 10 57 127 Initial 8 | . . 8 Average 22 | 1 10 44 Influence Increases 426 | 25 105 296 Destroy 0b10 Robot/C 240 | . 40 200 Destroy 0b10 Robot/NC 60 | 25 15 20 Destroy Leader 36 | . 12 24 Successful Hack 27 | . 19 8 Disable Machine 45 | . 15 30 Destroy Structure 18 | . 4 14 Influence Decreases 315 | 25 85 205 Entered New Map 12 | . . 12 Time Decay 283 | 25 85 173 Lost Part 20 | . . 20 Squads Dispatched . | . . . Investigation . | . . . Extermination . | . . . Reinforcement . | . . . Assault . | . . . Garrison . | . . . Intercept . | . . . Searches Triggered . | . . . Construction Impeded . | . . . Haulers Reinforced . | . . . Active Scanning Responses . | . . . Cargo Convoy Interrupts . | . . . Stealth | -11 -10 -9 --------- Run | Yrd Mat Mat Distress Signals 1 | . . 1 Communications Jammed . | . . . Distress Signals . | . . . Times Spotted 16 | . 3 13 Peak Tracking Total 4 | . 2 4 Tactical Retreats . | . . . Traps | -11 -10 -9 ------- Run | Yrd Mat Mat Traps Triggered . | . . . Indirectly . | . . . Trap Hack Attempts . | . . . Triggered . | . . . Disarmed . | . . . Reprogrammed . | . . . Reused . | . . . Traps Extracted . | . . . Installed . | . . . Triggered . | . . . Machines | -11 -10 -9 ---------- Run | Yrd Mat Mat Machines Disabled 3 | . 1 2 Max in Single Turn 1 | . 1 1 Machines Repaired . | . . . Machines Dismantled . | . . . Machines Sabotaged . | . . . Overloaded Fab Kills . | . . . Hacking | -11 -10 -9 --------- Run | Yrd Mat Mat Machines Accessed 3 | . 2 1 Terminals 3 | . 2 1 Fabricators . | . . . Repair Stations . | . . . Recycling Units . | . . . Scanalyzers . | . . . Garrison Access . | . . . Total Hacks 11 | . 9 2 Successful 8 | . 6 2 Failed 3 | . 3 . Catastrophic . | . . . Database Lockouts . | . . . Manual 8 | . 6 2 Terminals 11 | . 9 2 Fabricators . | . . . Repair Stations . | . . . Recycling Units . | . . . Scanalyzers . | . . . Garrison Access . | . . . Terminal Hacks 2 | . 2 . Emergency Access Points 1 | . 1 . Maintenance Status 1 | . 1 . Fabricator Hacks . | . . . Repair Station Hacks . | . . . Recycling Unit Hacks . | . . . Scanalyzer . | . . . Garrison Access Hacks . | . . . Unauthorized Hacks 6 | . 4 2 Terminals 6 | . 4 2 Track 2 | . 2 . Botnet 2 | . 1 1 Operators 2 | . 1 1 Fabricators . | . . . Repair Stations . | . . . Recycling Units . | . . . Scanalyzers . | . . . Garrison Access . | . . . Data Cores Recovered 1 | . . 1 Used 1 | . . 1 Hacking Detections 3 | . 2 1 Full Trace Events . | . . . Feedback Events . | . . . Feedback Blocked . | . . . Robot Schematics Acquired . | . . . Robots Built . | . . . Authchips . | . . . Time . | . . . Total Robot Build Rating . | . . . Part Schematics Acquired . | . . . Parts Built . | . . . Authchips . | . . . Time . | . . . Total Part Build Rating . | . . . Part Studies Acquired . | . . . Parts Repaired . | . . . Time . | . . . Parts Recycled . | . . . Recycled Matter . | . . . Retrieved Matter . | . . . Retrieved Components . | . . . Parts Scanalyzed . | . . . Part Schematics Acquired . | . . . Parts Damaged . | . . . Bothacking | -11 -10 -9 ------------ Run | Yrd Mat Mat Used RIF Installer . | . . . Robots Hacked . | . . . Non-combat . | . . . Combat . | . . . Robot Hacks Applied . | . . . Relay Couplers Released . | . . . Fabnet Peak Effective % . | . . . Robots Rewired . | . . . Allies Hacked . | . . . Hacks Repelled . | . . . Allies | -11 -10 -9 -------- Run | Yrd Mat Mat Total Allies . | . . . Largest Group . | . . . Highest-Rated Group . | . . . Highest-Rated Ally . | . . . Total Orders . | . . . Ally Attacks . | . . . Total Damage . | . . . Kills . | . . . Allies Corrupted . | . . . Allies Melted . | . . . Intel | -11 -10 -9 ------- Run | Yrd Mat Mat Active Infowar (turns) 1028 | 9 593 426 Seismic 1028 | 9 593 426 Robot Analysis Total . | . . . Derelict Logs Recovered . | . . . Drone Launches . | . . . Drone Recoveries . | . . . Exploration | -11 -10 -9 ------------- Run | Yrd Mat Mat Turns Passed 1132 | 113 593 426 Spaces Moved 546 | 58 309 179 Core 19 | 19 . . Treads . | . . . Legs 527 | 39 309 179 Wheels . | . . . Hover . | . . . Flight . | . . . Fastest Speed 50 | 50 120 120 Average Speed 118 | 103 120 120 Slowest Speed 120 | 120 120 120 Overloaded Moves . | . . . Propulsion Burnouts . | . . . Robots Hopped . | . . . Potential Cave-ins . | . . . Cave-ins Triggered . | . . . Exploration Rate (%) 22 | 3 47 17 Regions Visited 2 Branch Regions . Pre-discovered Areas . | . . . Known Exits Taken . | . . . Unknown Exits Taken 2 | 1 1 . Scrap Searched . | . . . Spaces Dug 1 | . 1 . Terrain Destroyed 18 | . 4 14 Melee . | . . . Projectile 1 | . 1 . AOE 17 | . 3 14 Terrain Rammed . | . . . Walls Destroyed . | . . . Machines Disabled . | . . . Actions | -11 -10 -9 --------- Run | Yrd Mat Mat Total 926 | 91 497 338 Wait 270 | 10 157 103 Move 544 | 57 308 179 Hop . | . . . Pick Up 24 | 8 8 8 Fast Attach 5 | 3 . 2 Attach 6 | 4 . 2 Detach . | . . . Swap 10 | . 4 6 Drop 11 | . 3 8 Fire 56 | 9 17 30 Melee . | . . . Ram . | . . . Kick . | . . . Crush . | . . . Escape Stasis . | . . . Rewire . | . . . Trap . | . . . Miscellaneous . | . . . Route ------- -11/Scrapyard -10/Materials (discovered 2 exits: *Mat / [*Min]) -9/Materials (discovered 1 exit: [*Min]) History --------- Turn | Location | Event 22 | -11/Scrapyard | Discovered new exit (range 15) 114 | -11/Scrapyard | Entered Materials 251 | -10/Materials | Discovered new exit (range 15) 339 | -10/Materials | Build established: Mutant 617 | -10/Materials | Discovered new exit (range 5) 707 | -10/Materials | Entered another Materials area 707 | -9/Materials | Evolved 2 slots: Propulsion x2 1086 | -9/Materials | Discovered new exit (range 16) 1133 | -9/Materials | Self-destructed Last Messages --------------- 00984_ W-16 Scout destroyed. 00996_ Acquired 14 matter. 01063_ C-30 ARC bursts open, deploying its payload. 01063_ S-10 Pest unfolds itself. 01064_ S-10 Pest destroyed. 01064_ Destroyed Flight Unit. 01064_ S-10 Pest destroyed. 01074_ Acquired 73 matter. 01075_ Acquired 7 matter. 01076_ Acquired 2 matter. 01086_ EXIT=FOUND 01088_ Y-45 Defender suffers critical hit (Destroy). 01088_ Destroyed Beam Rifle. 01091_ Y-45 Defender destroyed. 01100_ W-16 Scout destroyed. 01113_ Acquired 47 matter. 01115_ Dropped Sml. Laser. 01116_ Acquired Lgt. Armor Plating. 01130_ Dropped Sml. Laser. 01130_ Acquired Particle Gun. Map ----- +----------------------------------------------------+ | ?????????# %#????????????# | | ?????????+ #????????????# | | ?????????# #?#######????# | | ?????????# #?# ! ######### | | ?????????# ### | | ?????????# | | ?????????+ ### | | ?????????# #?# ###+##### | | ?????????# #?# = # | | ?????????# #?# = # | | ?????????# #?# * ## | | ?????????# #?# =## | | ?????????# #?## ######### | | ????????## ##?# # | | ????????# =[ ### ## | | ????????# ## # | | ????????# = ## ! # | | ????????# ## ! + | | ????????# ## # | | ?##########+#### # | | ?# ## ## | | ?# """ """ """ ## ## | | ?# """ """ """ ## #####+#### | | ?# """ """ """ ## #???# #??? | | ?# ## #???# #??? | | ?# @ [ ## #???# #### | | ?################ ##### #### | | ????????????# = | | ????????????# | | ????????????# * = | | ????????????####/########+#### | | ???????????????? ????# ! | | ?????????????????????# " | | ?????????????????????# T | | ?????????????????????# " """ " | | ?????????????????????# """ " | | ?????????????????????# """ " | | ?????????????????????######### | | ?????????????????????????????? | | ?????????????????????????????? | | ?????????????????????????????? | | ?????????????????????????????? | | ?????????????????????????????? | | ?????????????????????????????? | | ?????????????????????????????? | | ?????????????????????????????? | | ?????????????????????????????? | | ?????????????????????????????? | | ?????????????????????????????? | | ?????????????????????????????? | +----------------------------------------------------+ Best States ------------- Heat Dissipation 28 Energy Generation 10 Energy Capacity 250 Matter Stores 300 Matter Capacity 300 Sight Range 16 Terrain Scan Density 10 Evasion (%) 55 Item Schematics ----------------- None Robot Schematics ------------------ None Fabricated ------------ Nothing Repaired ---------- Nothing Studied --------- None Alien Tech Used ----------------- None Achievements -------------- None Challenges ------------ None Game ------ Seed MagneticEtherialLance Manual? 0 Play Time 00:15:21 Cumulative 248.9 hours Start 2025.12.20 @ 13:32:59 End 2025.12.20 @ 22:39:46 Sessions 3 Manual Loads 0 Difficulty Rogue Special Mode None Game No. 472 Rogue 472 Adventurer 0 Explorer 0 Win Type - Total 1 Types 1/0/0/0/0/0/0/0/0/0 Lore% 30 Gallery% 47 Achievement% 26 Wizard Run 0 Options --------- Layout 1 ASCII 0 Keyboard 1 Movement Vi Keybinds 0 Fullscreen 0 Font 20/Smallcaps Map View 59x39 Zoom Use 5% Tactical HUD 1 Map Filters NONE Filters NONE Steam 1 RUN: bd1db0a0-2819-4754-b2e1-88f87447155e